 Dungeon Crawl Stone Soup version 0.30.1-4-g462c640d31 (webtiles) character file.

Game seed: 17956697512052899494

105840 Gogs the Slayer (level 16, -6/170 (172) HPs)
             Began as a Hill Orc Fighter on Aug 28, 2023.
             Was the Champion of Makhleb.
             Mangled by Rupert
             ... wielding a +2 heavy great mace
              (43 damage)
             ... on level 2 of the Orcish Mines on Sept 12, 2023.
             The game lasted 02:05:23 (22412 turns).

Gogs the Slayer (Hill Orc Fighter)                 Turns: 22412, Time: 02:05:23

HP:   -6/170 (172)  AC: 32    Str: 27    XL:     16   Next: 42%
MP:   23/23         EV:  7    Int: 11    God:    Makhleb [******]
Gold: 551           SH:  9    Dex:  8    Spells: 15/15 levels left

rFire   . . .        a - +9 broad axe (venom)
rCold   . . .        c - +0 kite shield
rNeg    + . .        X - +0 plate armour "Pecoijyw" {rN+}
rPois   +            g - +2 helmet {SInv}
rElec   .            W - scarf {repulsion}
rCorr   .            A - +1 pair of gloves of Huanis {Will+ Int+3}
SInv    +            f - +2 pair of boots
Will    ++...        x - amulet of Vitality {RegenMP++ Regen++} Stlth
                     V - ring of poison resistance
HPRegen 2.08/turn    m - +4 ring of protection
MPRegen 0.98/turn

%: repel missiles
@: mighty, lethally poisoned (-6 -> -6), lightly drained
A: clumsy 1
a: Renounce Religion, Minor Destruction, Lesser Servant of Makhleb, Major
Destruction, Greater Servant of Makhleb


You were on level 2 of the Orcish Mines.
You worshipped Makhleb.
Makhleb was exalted by your worship.
You visited 4 branches of the dungeon, and saw 20 of its levels.
You also visited: Ossuary, Bailey and Gauntlet.

You collected 2752 gold pieces.
You spent 2201 gold pieces at shops.

Inventory:

Hand Weapons
 a - a +9 broad axe of venom (weapon)
 b - a +3 morningstar of freezing
 w - the +11 sling "Kumu Deunun" {freeze, rF+}
   (You found it on level 12 of the Dungeon)

   rF:        It protects you from fire.
Missiles
 o - 8 curare-tipped darts (quivered)
 p - 4 javelins
 s - 5 silver boomerangs
 y - 10 boomerangs
 H - 3 boomerangs of dispersal
 K - 3 throwing nets
 N - 8 atropa-tipped darts
 O - 43 poisoned darts
Armour
 c - a +0 kite shield (worn)
 f - a +2 pair of boots (worn)
 g - a +2 helmet of see invisible (worn)
 A - the +1 pair of gloves of Huanis (worn) {Will+ Int+3}
   (You found it on level 4 of the Dungeon)

   Int:       It affects your intelligence (+3).
   Will:      It increases your willpower.
 Q - a +0 plate armour
 W - a scarf of repulsion (worn)
 X - the +0 plate armour "Pecoijyw" (worn) {rN+}
   (You bought it in a shop on level 3 of the Dungeon)

   rN:        It protects you from negative energy.
Jewellery
 m - a +4 ring of protection (right hand)
 u - an amulet of magic regeneration
 x - the amulet of Vitality (around neck) {RegenMP++ Regen++}
   (You found it on level 9 of the Dungeon)

   [amulet of magic regeneration]

   It increases your rate of magic regeneration.
   Regen:     It increases your rate of health regeneration.
 M - a ring of ice
 S - a ring of ice
 V - a ring of poison resistance (left hand)
Wands
 G - a wand of charming (23)
 L - a wand of light (23)
 P - a wand of flame (31)
 R - a wand of digging (2)
Scrolls
 l - 7 scrolls of teleportation
 n - 3 scrolls of blinking
 t - 3 scrolls of butterflies
 C - 2 scrolls of silence
 D - 2 scrolls of fear
 E - 7 scrolls of magic mapping
 I - 15 scrolls of identify
 T - 2 scrolls of fog
 U - 4 scrolls of immolation
 Y - 2 scrolls of amnesia
Potions
 d - 4 potions of might
 e - a potion of brilliance
 h - 2 potions of flight
 i - a potion of ambrosia
 j - 9 potions of curing
 k - 3 potions of haste
 q - 3 potions of cancellation
 r - a potion of mutation
 v - 5 potions of attraction
 z - 4 potions of resistance
 B - 4 potions of heal wounds
 F - 7 potions of invisibility
 J - 3 potions of lignification


   Skills:
 + Level 23.1 Fighting
 - Level 18.0 Axes
 + Level 16.9 Armour
 - Level 8.0 Shields
 * Level 10.4 Invocations


You had 15 spell levels left.
You didn't know any spells.
Your spell library contained the following spells:

 Spells                   Type           Power      Damage    Failure   Level
 Apportation              Tloc           0%         N/A       98%         1
 Beastly Appendage        Tmut           0%         N/A       98%         1
 Shock                    Conj/Air       0%         1d3       98%         1
 Sting                    Tmut/Pois      0%         1d3       98%         1
 Summon Small Mammal      Summ           0%         N/A       98%         1
 Blink                    Tloc           0%         N/A       99%         2
 Lesser Beckoning         Tloc           0%         N/A       99%         2
 Momentum Strike          Conj/Tloc      0%         3d8       99%         2
 Poisonous Vapours        Pois/Air       0%         N/A       99%         2
 Wereblood                Tmut           0%         N/A       99%         2
 Call Canine Familiar     Summ           0%         N/A       100%        3
 Gell's Gravitas          Tloc           0%         N/A       100%        3
 Ignite Poison            Fire/Tmut/Pois 0%         N/A       100%        3
 Inner Flame              Hex/Fire       0%         N/A       100%        3
 Spider Form              Tmut/Pois      0%         N/A       100%        3
 Summon Guardian Golem    Hex/Summ       0%         N/A       100%        3
 Teleport Other           Tloc           0%         N/A       100%        3
 Volatile Blastmotes      Fire/Tloc      0%         2d10      100%        3
 Flame Wave               Conj/Fire      0%         2d4       100%        4
 Leda's Liquefaction      Hex/Erth       0%         N/A       100%        4
 Olgreb's Toxic Radiance  Pois           0%         N/A       100%        4
 Sticky Flame             Conj/Fire      0%         2d3       100%        4
 Alistair's Intoxication  Tmut/Pois      0%         N/A       100%        5
 Arcjolt                  Conj/Air       0%         1d10      100%        5
 Fireball                 Conj/Fire      0%         3d3       100%        5
 Silence                  Hex/Air        0%         N/A       100%        5
 Dispersal                Tloc           0%         N/A       100%        6
 Discord                  Hex            0%         N/A       100%        8
 Ignition                 Fire           0%         3d3       100%        8
 Lehudib's Crystal Spear  Conj/Erth      0%         10d2      100%        8
 Maxwell's Capacitive Co  Air            0%         ∞         100%        8


Dungeon Overview and Level Annotations

Branches:
Dungeon (12/15)            Temple (1/1) D:4            Lair (5/5) D:10
  Swamp (0/4) Lair:3       Spider (0/4) Lair:3        Slime (0/5) Lair:4
    Orc (2/2) D:12            Elf (0/3) Orc:2       Ossuary (visited)
 Bailey (visited)         Gauntlet (visited)

Altars:
Ashenzari
Cheibriados
Dithmenos
Elyvilon
Fedhas
Gozag
Hepliaklqana
Kikubaaqudgha
Makhleb
Nemelex Xobeh
Okawaru
Qazlal
Ru
Sif Muna
Trog
Uskayaw
Vehumet
Wu Jian
Xom
Yredelemnul
Zin
The Shining One
Beogh

Shops:
D:2 ?   D:3 [   D:6 *   D:9 [[=(!   D:10 :*(==   D:11 (   D:12 (   Orc:2 =([*

Annotations:
Orc:2 Rupert


Innate Abilities, Weirdness & Mutations

You are clumsy. (Dex -2)


Message History

No target in view!
No target in view!
No target in view!
You now have 534 gold pieces (gained 20).
You now have 551 gold pieces (gained 17).
Rupert the Wild comes into view.
He is wielding a +2 heavy great mace.
Rupert shouts!
You hear two shouts!
Rupert looks confused.
An ettin comes into view.
It is wielding a +2 dire flail of venom and a +0 dire flail.
The ettin shouts in stereo!
Rupert roars madly and goes into a rage!
Rupert goes berserk!
You slice Rupert!!
Rupert is lightly wounded.
Rupert hits you with a +2 heavy great mace!!
You slash Rupert!
Rupert is poisoned.
Rupert is lightly wounded.
You slice the ettin!!
Rupert hits you with a +2 heavy great mace!!!
The ettin hits you with a +2 dire flail of venom.
You are poisoned.
The ettin hits you with a +0 dire flail.
You are too injured to fight recklessly!
You are too injured to fight recklessly!
You feel very mighty all of a sudden.
You feel very sick.
Rupert hits you with a +2 heavy great mace!!!
The ettin barely misses you.
The ettin hits you with a +0 dire flail.
* * * LOW HITPOINT WARNING * * *
You closely miss Rupert.
Rupert is lightly wounded.
You slice the ettin!!
You feel sick. You block Rupert's attack.
The ettin hits you with a +2 dire flail of venom!
* * * LOW HITPOINT WARNING * * *
The ettin hits you with a +0 dire flail!!
* * * LOW HITPOINT WARNING * * *
You feel much better.
You feel sick.
Rupert hits you with a +2 heavy great mace!!!
You die...

.....#...#
...#.......#.##.
....###.##
...#.##.....##.##.
..### ###
##.#..####.####.#..
### ###...........
..#..
##....................
#.....................
##....................
#....@C..^............
#.@................
##.................
##.................
#..................
#...#.#.....#......
##...............##
#..........##..###
##....#....#.....#
##....#..........


You could see Rupert (berserk, very poisoned) and an ettin.

Vanquished Creatures
  Frances (D:12)
  2 orc warlords
  A minotaur (Gauntlet)
  Snorg (Lair:5)
  An ettin (Orc:1)
  2 fire dragons
  The ghost of sunglassesatnite the Cleaver, a journeyman MiBe of Trog (D:10)
  Fannar (Orc:1)
  10 hydras
  A ghost crab (Gauntlet)
  A catoblepas (D:9)
  An ogre mage (Orc:2)
  2 boulder beetles
  8 two-headed ogres
  2 orc high priests
  3 skysharks
  A bog body (Lair:3)
  A deep elf archer (D:9)
  Pikel (D:8)
  A lindwurm (Lair:5)
  5 orc knights
  An oklob plant (Lair:5)
  2 ugly things (D:12)
  9 orc sorcerers
  2 cyclopes
  3 manticores
  A cyclops (shapeshifter) (D:9)
  11 elephants
  A guardian serpent (shapeshifter) (D:9)
  2 molten gargoyles (Lair:5)
  9 black mambas
  A torpor snail (Gauntlet)
  15 cane toads
  4 rime drakes
  4 kobold demonologists
  11 komodo dragons
  7 trolls
  3 polar bears
  25 blink frogs
  4 dream sheep (Lair:4)
  5 slime creatures (D:12)
  2 culicivoras (Lair:3)
  A jumping spider (Lair:3)
  2 wraiths
  A vampire (D:12)
  10 wyverns
  72 yaks
  Eustachio (D:4)
  7 basilisks
  5 vampire mosquitoes
  3 wargs
  5 redbacks (Lair:3)
  3 steam dragons (Lair:5)
  3 swamp worms (Gauntlet)
  An acid dragon (D:10)
  21 water moccasins
  3 hell hounds (Lair:5)
  37 orc warriors
  An ice beast (D:5)
  3 sky beasts
  2 black bears
  21 wolves
  11 ogres
  13 centaurs
  3 phantoms
  10 kobold brigands
  14 bullfrogs
  2 scorpions
  17 wights
  12 killer bees
  3 electric eels
  3 howler monkeys
  3 lava snakes (Lair:5)
  7 jellies
  4 gnoll boudas
  3 hounds
  16 orc priests
  2 sleepcaps (D:7)
  Jessica (D:3)
  An iguana (D:5)
  25 orc wizards
  8 mummies (Ossuary)
  Robin (D:2)
  24 gnolls
  7 adders
  3 shadow imps
  An ufetubus (D:6)
  4 worms
  3 dart slugs
  79 orcs
  9 ball pythons
  2 bats
  3 endoplasms
  3 giant cockroaches
  21 goblins
  17 hobgoblins
  22 kobolds
  A quokka (D:3)
  2 frilled lizards
  3 gnoll zombies (Ossuary)
  A kobold zombie (Ossuary)
  4 orc zombies (Ossuary)
  5 rats
744 creatures vanquished.

Vanquished Creatures (collateral kills)
  A stone giant (Orc:1)
  A two-headed ogre (D:8)
  2 orc sorcerers (Orc:1)
  A rime drake (Lair:4)
  An orc warrior (Orc:1)
  2 orc wizards
  2 orcs (Orc:1)
10 creatures vanquished.

Grand Total: 754 creatures vanquished

Notes
Turn   | Place    | Note
-------+----------+-------------------------------------------
     0 | D:1      | Gogs the Hill Orc Fighter began the quest for the Orb.
     0 | D:1      | Reached XP level 1. HP: 19/19 MP: 1/1
   215 | D:1      | Found a roughly hewn altar of Beogh.
   227 | D:1      | Reached XP level 2. HP: 27/27 MP: 2/2
   241 | D:1      | Found a faded altar of an unknown god.
   687 | D:2      | Found Mekh's Magic Scroll Boutique.
   698 | D:2      | Reached XP level 3. HP: 31/33 MP: 3/3
   702 | D:2      | Bought a scroll of teleportation for 30 gold pieces
   702 | D:2      | Bought a scroll of identify for 20 gold pieces
   739 | D:2      | Reached skill level 4 in Fighting
   989 | D:2      | Reached XP level 4. HP: 40/40 MP: 4/4
  1620 | D:2      | Noticed Robin
  1641 | D:2      | Killed Robin
  1947 | D:3      | Reached XP level 5. HP: 47/47 MP: 5/5
  1997 | D:3      | Found Betta's Antique Armour Shop.
  2087 | D:2      | Bought a scroll of enchant weapon for 75 gold pieces
  2317 | D:3      | Noticed Jessica
  2332 | D:3      | Killed Jessica
  2333 | D:3      | Reached skill level 5 in Axes
  2622 | D:4      | Found a staircase to the Ecumenical Temple.
  2625 | D:4      | Found a glowing silver altar of Zin.
  2655 | Temple   | Entered the Ecumenical Temple
  2923 | Temple   | Became a worshipper of Makhleb the Destroyer
  3030 | D:4      | Noticed a phantom
  3043 | D:4      | Killed a phantom
  3044 | D:4      | Reached XP level 6. HP: 52/55 MP: 4/6
  3064 | D:4      | Noticed Eustachio
  3079 | D:4      | Killed Eustachio
  3080 | D:4      | Reached skill level 5 in Fighting
  3366 | D:4      | Identified the +1 pair of gloves of Huanis {Will+ Int+3}
  3506 | D:5      | Entered Level 5 of the Dungeon
  3572 | D:5      | Reached XP level 7. HP: 54/61 MP: 7/7
  3609 | D:5      | Found a sand-covered staircase.
  3631 | Ossuary  | Entered an ossuary
  3765 | Ossuary  | Reached skill level 5 in Shields
  3772 | Ossuary  | Reached * piety under Makhleb
  3926 | D:5      | Reached skill level 5 in Armour
  4062 | D:5      | Found a stormy altar of Qazlal.
  4064 | D:5      | Found a hide-covered altar of Uskayaw.
  4097 | D:5      | Got Paruc's Quarto of the Arsonist
  4250 | D:5      | Reached skill level 6 in Fighting
  4250 | D:5      | Reached XP level 8. HP: 70/70 MP: 6/8
  4343 | D:5      | Found an ornate altar of the Wu Jian Council.
  4526 | D:6      | Noticed a yak
  4526 | D:6      | Noticed a yak
  4526 | D:6      | Noticed a yak
  4526 | D:6      | Noticed a yak
  4539 | D:5      | Killed a yak
  4561 | D:6      | Found Leikexio's General Store.
  4613 | D:6      | Bought a scroll of magic mapping for 97 gold pieces
  5056 | D:6      | Reached skill level 7 in Fighting
  5171 | D:6      | Reached skill level 10 in Axes
  5171 | D:6      | Reached XP level 9. HP: 73/79 MP: 7/9
  5266 | D:6      | Reached ** piety under Makhleb
  5267 | D:6      | Reached skill level 8 in Fighting
  5591 | D:7      | Reached skill level 1 in Invocations
  5592 | D:7      | Found a radiant altar of Vehumet.
  5592 | D:7      | Found an ancient bone altar of Kikubaaqudgha.
  5593 | D:7      | Found a shimmering blue altar of Sif Muna.
  6226 | D:7      | Reached XP level 10. HP: 87/90 MP: 13/13
  6661 | D:8      | Noticed a two-headed ogre
  6679 | D:8      | Killed a two-headed ogre
  6680 | D:8      | Reached skill level 5 in Invocations
  6941 | D:8      | Reached *** piety under Makhleb
  7146 | D:8      | Noticed a two-headed ogre
  7153 | D:8      | Reached skill level 9 in Fighting
  7173 | D:8      | Killed a two-headed ogre
  7695 | D:8      | Noticed Pikel
  7700 | D:8      | Killed Pikel
  8069 | D:9      | Found Xihaolub's Armour Shoppe.
  8069 | D:9      | Found Biusonk's Armour Shop.
  8089 | D:9      | Noticed a kobold demonologist
  8222 | D:9      | Noticed a manticore
  8238 | D:9      | Killed a manticore
  8239 | D:9      | Reached skill level 10 in Fighting
  8239 | D:9      | Reached XP level 11. HP: 50/99 MP: 7/14
  8374 | D:9      | Noticed a fire dragon
  8722 | D:9      | Found a hazy altar of Hepliaklqana.
  8822 | D:9      | Noticed a two-headed ogre
  8838 | D:8      | Killed a two-headed ogre
  8994 | D:9      | Killed a fire dragon
  8995 | D:9      | Reached skill level 15 in Axes
  9178 | D:9      | Noticed a manticore
  9181 | D:9      | Killed a manticore
  9181 | D:9      | Noticed a deep elf archer
  9204 | D:9      | Killed a deep elf archer
  9234 | D:9      | Found Erru's Antique Weapon Shoppe.
  9239 | D:9      | Found Hichas's Distillery.
  9243 | D:9      | Found Daguklofo's Jewellery Shoppe.
  9314 | D:9      | Bought a potion of heal wounds for 55 gold pieces
  9314 | D:9      | Bought a potion of heal wounds for 55 gold pieces
  9422 | D:9      | Reached **** piety under Makhleb
  9423 | D:9      | Reached skill level 10 in Armour
  9471 | D:9      | Noticed a soul eater
  9758 | D:9      | Noticed a cyclops
  9759 | D:9      | Reached skill level 11 in Fighting
  9762 | D:9      | Killed a cyclops
  9868 | D:9      | Noticed a catoblepas
  9878 | D:9      | Killed a catoblepas
  9962 | D:9      | Found the amulet of Vitality {RegenMP++ Regen++}
 10202 | D:10     | Entered Level 10 of the Dungeon
 10202 | D:10     | Found Igesch's Jewellery Shoppe.
 10237 | D:10     | Reached XP level 12. HP: 112/112 MP: 15/15
 10264 | D:10     | Found Soim's Jewellery Emporium.
 10278 | D:10     | Found a flagged portal.
 10292 | D:10     | Reached skill level 12 in Fighting
 10320 | Bailey   | Entered a bailey
 10398 | Bailey   | Reached ***** piety under Makhleb
 10507 | Bailey   | Noticed an orc warlord
 10560 | Bailey   | Killed an orc warlord
 10890 | D:2      | Bought a scroll of acquirement for 520 gold pieces
 10890 | D:2      | Acquired a manual of Fighting
 10894 | D:2      | Reached skill level 16 in Fighting
 10894 | D:2      | Reached XP level 13. HP: 130/130 MP: 16/16
 11084 | D:10     | Found Laota's Book Shop.
 11084 | D:10     | Noticed a walking crystal tome
 11084 | D:10     | Noticed a walking earthen tome
 11087 | D:10     | Found Giuc's Weapon Emporium.
 11154 | D:10     | Found Emuucvea's General Store.
 11184 | D:10     | Reached skill level 17 in Fighting
 11224 | D:10     | Found a transporter.
 11228 | D:10     | Noticed sunglassesatnite's ghost (journeyman MiBe)
 11243 | D:10     | Found a staircase to the Lair.
 11332 | D:10     | Found a transporter.
 11706 | D:10     | Killed sunglassesatnite's ghost
 11768 | D:10     | Bought a ring of poison resistance for 220 gold pieces
 11786 | D:11     | Reached skill level 18 in Fighting
 12102 | D:11     | Found Ewudyjev's Weapon Emporium.
 12456 | D:11     | Gained mutation: You are clumsy. (Dex -2) [a neqoxec]
 12652 | Lair:1   | Entered Level 1 of the Lair of Beasts
 12768 | Lair:1   | Reached skill level 19 in Fighting
 12851 | Lair:1   | Reached XP level 14. HP: 126/146 MP: 17/17
 13561 | Lair:1   | Reached ****** piety under Makhleb
 13576 | Lair:1   | Reached skill level 20 in Fighting
 13616 | Lair:2   | Found a gate leading to a gauntlet.
 13648 | Gauntlet | Entered a Gauntlet
 13648 | Gauntlet | Found a transporter.
 13648 | Gauntlet | Found a transporter.
 13648 | Gauntlet | Found a runed translucent door.
 13659 | Gauntlet | Found a transporter.
 13660 | Gauntlet | Found a transporter.
 13668 | Gauntlet | Found a transporter.
 13673 | Gauntlet | Found a transporter.
 13681 | Gauntlet | Found a transporter.
 13697 | Gauntlet | Found a transporter.
 13711 | Gauntlet | Found a transporter.
 13715 | Gauntlet | Found a transporter.
 13723 | Gauntlet | Found a transporter.
 13727 | Gauntlet | Found a transporter.
 13729 | Gauntlet | Found a runed translucent door.
 14152 | Gauntlet | Identified the ring of the Empty Page {*Slow Fly rPois
                  | rCorr Str+5}
 14188 | Gauntlet | Found the ring of the Mage {Wiz Archmagi}
 14233 | Gauntlet | Identified the +0 ring mail "Seguh" {Str+3 Slay+3 SInv}
 15491 | Lair:3   | Reached skill level 21 in Fighting
 15510 | Lair:3   | Identified the +0 trident "Cesh" {pain, Will+}
 15609 | Lair:3   | Found a staircase to the Swamp.
 15674 | Lair:3   | Found a hole to the Spider Nest.
 16376 | Lair:4   | Identified the +4 ring mail of Wuser {rElec Will- Int+4}
 16683 | Lair:4   | Found a staircase to the Slime Pits.
 16813 | Lair:4   | Reached XP level 15. HP: 147/158 MP: 21/21
 16870 | Lair:4   | Reached skill level 15 in Armour
 17158 | Lair:5   | Entered Level 5 of the Lair of Beasts
 17533 | Lair:5   | Reached skill level 10 in Invocations
 17588 | Lair:5   | Reached skill level 22 in Fighting
 17617 | Lair:5   | Found a bloodstained altar of Trog.
 17933 | D:2      | Bought a scroll of enchant weapon for 75 gold pieces
 17933 | D:2      | Bought a scroll of enchant weapon for 75 gold pieces
 17933 | D:2      | Bought a scroll of blinking for 75 gold pieces
 18521 | Lair:5   | Noticed Snorg
 18535 | Lair:5   | Killed Snorg
 18776 | Lair:5   | Found a large runed translucent door.
 18777 | Lair:5   | Found a large runed translucent door.
 19631 | D:12     | Noticed Frances
 19648 | D:12     | Killed Frances
 19721 | D:12     | Found Maqaleot's Weapon Shop.
 19726 | D:12     | Found a staircase to the Orcish Mines.
 19765 | D:12     | Identified the +11 sling "Kumu Deunun" {freeze, rF+}
 19934 | D:12     | Found a runed translucent door.
 20186 | D:12     | Paralysed by an orc sorcerer for 4 turns
 20255 | D:12     | Found a roughly hewn altar of Beogh.
 20325 | Orc:1    | Entered Level 1 of the Orcish Mines
 20391 | Orc:1    | Found a transporter.
 20441 | Orc:1    | Reached XP level 16. HP: 169/170 MP: 23/23
 20514 | Orc:1    | Noticed Fannar
 20527 | Orc:1    | Killed Fannar
 20705 | Orc:1    | Found a roughly hewn altar of Beogh.
 20705 | Orc:1    | Found a transporter.
 21262 | Orc:1    | Got the Volume of Fumes
 21266 | Orc:1    | Got the Meditations on the Gritty Salamander
 21571 | D:3      | Bought a citrine-encrusted plate armour for 672 gold pieces
 21571 | D:3      | Identified the +0 plate armour "Pecoijyw" {rN+} (You bought
                  | it in a shop on level 3 of the Dungeon)
 21791 | Orc:2    | Entered Level 2 of the Orcish Mines
 21791 | Orc:2    | Found Vaenais's Jewellery Emporium.
 21887 | Orc:2    | Found Wada's Antique Armour Shop.
 21979 | Orc:2    | Found Coxted's Antique Weapon Boutique.
 22002 | Orc:2    | Bought a glowing cloak for 232 gold pieces
 22196 | Orc:2    | Reached skill level 23 in Fighting
 22257 | Orc:2    | Found Oxooch's General Store.
 22271 | Orc:2    | Found a staircase to the Elven Halls.
 22325 | Orc:2    | Found a roughly hewn altar of Beogh.
 22404 | Orc:2    | Noticed Rupert
 22412 | Orc:2    | Mangled by Rupert

Illustrated notes

Levels and vault maps discovered:
D:1:      wander_arrival_chamber, layout_loops_ring,
          hellmonk_ecumenical_altar_defaced_shrine
D:2:      layout_basic, serial_rivers, chequers_serial_rivers_micro_c,
          chequers_serial_rivers_small_b, chequers_serial_rivers_large_a,
          chequers_serial_rivers_small_b, serial_shops, nicolae_diamond_shop,
          uniq_robin
D:3:      layout_rooms, serial_shops, nicolae_shop_crystal, uniq_jessica
D:4:      nicolae_cairo_tiling_large_dashed, layout_basic,
          mainiacjoe_overflow_chevrons, minmay_temple_entry_offerings,
          kennysheep_generic_room_13, uniq_eustachio
D:5:      layout_cave_pools, nzn_wu_jian_council_hall,
          chequers_temple_overflow_statue_of_worship,
          nicolae_ossuary_entry_false_entrances
D:6:      layout_basic, nicolae_stop_n_shop_2, grunt_ministairs_8,
          amethyst_killhole, grunt_decor_mini_mirrors
D:7:      layout_basic, grunt_temple_overflow_magic_moments,
          kennysheep_cluttered_room, kennysheep_nondescript
D:8:      kennysheep_ambush_hall, layout_loops_corners, uniq_pikel
D:9:      minmay_chopped_fan, layout_loops_ring, old_standard_altar,
          serial_shops, shop, shop, shop, shop, shop, serial_rivers,
          chequers_serial_rivers_large_b, chequers_serial_rivers_micro_c,
          chequers_serial_rivers_micro_c, chequers_serial_rivers_small_3
D:10:     layout_irregular_city, due_lair_maze_entry_diamond,
          gammafunk_ghost_arena, enter_bailey_2, serial_shops,
          nicolae_shop_rolling_square, shop_statue, nicolae_stop_n_shop_1,
          nicolae_shop_mannequins, nicolae_shop_gaudy_bauble
D:11:     layout_roguey, serial_shops, nicolae_shop_bloodbath_and_beyond,
          minmay_strange_pillars
D:12:     layout_rooms, orc_david_3, hex_tiny, minivault_14,
          lightli_church_of_beogh, uniq_frances
Temple:   dpeg_chambers_temple
Lair:1:   layout_loops_ring, grunt_megastairs_3, lemuel_fruit_tree,
          serial_bayou_shore_a
Lair:2:   layout_cave_pods, gauntlet_entry_generic, grunt_megastairs_5
Lair:3:   layout_cave_shapes, skrybe_swamp_entry_bodies,
          nicolae_spider_entry_tight_spaces
Lair:4:   layout_gridlike, nicolae_slime_entry_field_trip,
          minmay_lair_drake_nest, grunt_megastairs_4
Lair:5:   cheibrodos_lair_end_hotspot, layout_long_grid, lemuel_oklob_altar,
          uniq_snorg
Orc:1:    gammafunk_beogh_shrine, layout_diamond_mine, uniq_fannar
Orc:2:    grunt_orc_gardens, layout_diamond_mine, grunt_orc_garden,
          grunt_orc_garden, grunt_orc_garden, grunt_orc_garden, mines1_david,
          uniq_rupert

Skill      XL: |  1  2  3  4  5  6  7  8  9 10 11 12 13 14 15 16 |
---------------+-------------------------------------------------+-----
Axes           | 3 4 5 6 7 10 12 14 16 18 | 18.0
Fighting       | 4 5 6 7 8 10 11 16 19 21 22 23 | 23.1
Armour         | 4 5 6 7 9 10 12 13 14 15 16 | 16.9
Shields        | 4 5 7 8 |  8.0
Invocations    | 4 5 8 10 | 10.4

Action                     |  1- 3 |  4- 6 |  7- 9 | 10-12 | 13-15 | 16-18 || total
---------------------------+-------+-------+-------+-------+-------+-------++-------
  Melee: War axe           |    77 |   151 |   276 |   517 |   863 |       ||  1884
         Morningstar       |       |       |       |       |    50 |       ||    50
         Broad axe         |       |       |       |       |   253 |   206 ||   459
 Invoke: Minor Destruction |       |       |       |    18 |    57 |       ||    75
         Lesser Servant of |       |       |       |     3 |     2 |     1 ||     6
         Greater Servant o |       |       |       |       |       |     1 ||     1
    Use: Scroll            |     4 |     4 |    14 |     5 |    15 |       ||    42
         Potion            |       |       |       |     6 |     2 |     2 ||    10
 Armour: Scale mail        |    43 |    72 |    81 |       |       |       ||   196
         Chain mail        |       |       |    39 |    10 |       |       ||    49
         Plate armour      |       |       |       |   185 |   870 |   107 ||  1162
  Dodge: Dodged            |    36 |   167 |   153 |   217 |   349 |    58 ||   980
         Repelled          |       |       |       |       |       |     2 ||     2
  Block: Buckler           |    26 |    50 |    58 |    95 |    37 |       ||   266
         Kite shield       |       |       |       |       |   481 |   103 ||   584
